Croesus, chaotic female elven Ranger ##..## #### ################### #...............}..................... ##....# #### #..###.........##......####...##.........}....#................ ###..#### #..####..#..##...##....###....##.....#...##....}.............#...... .#.##....###....###...##...)...##.##.....# #........##....}.................#.. #...##.....##..##..###..##..###.......## #.............}.}.#................. ##..####.#...*.........####......#...### #.............}.}.%##....C..H@...... ##....##..######........###..%).##......####.............}...........d.d^..... #..##..#...# #..###...###....#####......###.......#.....C}............)...... .#..##..#.###################### #####.....##...............}.................. ##.########.|................)###.# ##....Cq@..............}.....#............ #.....# #>.-.......(.............## ###.^##Ci.............}.................. #..#### ##.|..........)......##...## ######.....#..........}.......C......... ##...### ######################....###...##..............##.}................ ##....#######..# ##...##...###.....##...##..............##.}.......##....... ##..........#...###....#..#..#...#...##..#..................}.......###...... #...##..###(..#..#..#.....##...####..##.##........#........}................. #..###### #.####....##...###....####....##................}.}......#......... #.....## ..## #.....#######.......#....##....#.......!...}...}}...##......... ##.....##.. #..##....##....##......####................}.....}}............ ####..#### #######......#####...### #.............?.#}........}}}...###... #### ######## ##### #...............}............}........ Croesus the Scout Experience level: 14 Strength: 18 Dexterity: 18 Constitution: 16 Intelligence: 14 Wisdom: 16 Charisma: 7 Health: 0(112) Energy: 119(119) Def: 21 Gold: 0 Moves: 42274 Dungeon seed: IJyJhlOJaRCfZVkK Game ID: Croesus_1603640289 Your Inventory: Amulets A - an uncursed amulet versus poison (being worn) Weapons a - the blessed +0 Longbow of Diana (weapon in hand) d - an uncursed +0 dwarvish spear (alternate weapon; not wielded) t - 24 uncursed poisoned +0 orcish arrows I - 24 uncursed +2 arrows J - 11 uncursed +3 arrows of lightning N - 9 uncursed +0 arrows of fire O - 26 uncursed +0 thirsty arrows P - 44 uncursed +2 elven arrows (in quiver) Armor e - an uncursed +2 elven cloak (being worn) o - an uncursed +0 pair of gauntlets of dexterity (being worn) K - an uncursed greased +0 dwarvish iron helm of drain resistance (being worn) S - an uncursed +2 dwarvish mithril-coat (being worn) U - an uncursed +0 pair of kicking boots (being worn) W - an uncursed +0 shield of reflection (being worn) Comestibles c - an uncursed female lizard corpse Rings i - an uncursed ring of poison immunity m - an uncursed ring of conflict F - an uncursed ring of shock immunity R - an uncursed ring of regeneration X - an uncursed ring of free action Wands h - an uncursed wand of slow monster (0:2) r - an uncursed wand of striking (0:7) z - an uncursed wand of sleep (0:7) C - an uncursed wand of sleep (0:5) D - an uncursed wand of cold (0:4) E - an uncursed wand of teleportation (0:1) G - an uncursed wand of digging (0:5) L - an uncursed wand of fire (0:3) M - an uncursed wand of cancellation (0:1) V - an uncursed wand of slow monster (0:4) Tools b - an uncursed sack f - the uncursed Bell of Opening (0:3) k - an uncursed skeleton key s - an uncursed stethoscope u - a blessed +0 unicorn horn w - an uncursed tin whistle T - an uncursed towel Gems g - an uncursed luckstone Contents of the sack: an uncursed +0 arrow a blessed +1 mummy wrapping an uncursed +0 pair of leather gloves an uncursed female lizard corpse 4 uncursed lembas wafers an uncursed sprig of wolfsbane an uncursed tripe ration an uncursed scroll of enchant weapon an uncursed scroll of fire an uncursed scroll of remove curse a blessed scroll of stinking cloud 2 uncursed scrolls of taming 3 uncursed scrolls of teleportation 2 cursed scrolls of teleportation an uncursed potion of extra healing an uncursed potion of gain energy 3 uncursed potions of healing 6 potions of holy water an uncursed wand of digging (0:5) an uncursed wand of light (0:11) an uncursed wand of sleep (0:4) an uncursed wand of striking (0:0) 1793 gold pieces Spells and supernatural/magical abilities: Name Level Category Cost Memory d - dig 2 matter 2000pw 35% e - charm monster 3 enchantment 3000pw 74% f - fireball 4 attack 4000pw 49% g - charging 7 enchantment 7000pw 81% h - healing 1 healing 1000pw 86% l - light 1 divination 1000pw 48% m - magic missile 2 attack 2000pw 46% n - detect monsters 1 divination 1000pw 84% p - protection 1 clerical 1000pw 40% B - cure blindness 2 healing 2000pw 36% D - drain life 2 attack 2000pw 62% U - detect unseen 3 divination 3000pw 47% W - pray for help -- divine ? -- Your skills at the end: Fighting Skills wands [Basic] Weapon Skills dagger [Expert] spear [Skilled] bow [Expert] Spellcasting Skills Final Attributes: You were piously aligned. You were fire resistant. You were cold resistant. You were immune to sleep. You were immune to poison. You were level-drain resistant. You saw invisible. You were strongly telepathic. You had automatic searching. You had infravision. You were invisible. You were stealthy. You were protected. You had reflection. You were extremely lucky. You had extra luck. Bad luck did not time out for you. Good luck did not time out for you. You last prayed 730 turns ago. Mars was noncommittal. You are dead (2nd time!). Vanquished creatures: Scorpius a lich a clay golem a lurker above a black pudding a vampire a ghost 2 winged gargoyles 2 giant mimics a zruty 2 fire giants a large mimic 3 wumpuses 4 couatls 3 stalkers an air elemental 2 giant mummies a giant zombie 2 winter wolves 2 small mimics 4 warhorses a xan a troll a sasquatch a djinni 3 gelatinous cubes 2 pyrolisks 2 large dogs 2 flaming spheres a shocking sphere 3 large cats a tiger a gargoyle a dwarf king 3 tengu 4 ochre jellies 3 leocrottas 2 energy vortices 27 mountain centaurs 8 stone giants 3 elf mummies 3 human mummies 3 pit vipers 3 cobras 3 wraiths an ettin zombie a soldier an incubus 2 chameleons 4 crocodiles 9 giant beetles 5 quivering blobs 5 cockatrices 9 wolves 2 winter wolf cubs 3 lynxes a panther 3 spotted jellies 16 leprechauns 2 orc-captains 2 iron piercers a mumak 9 giant spiders 31 scorpions 3 horses 3 black lights 3 vampire bats 66 forest centaurs 9 gnome kings 2 orc mummies 3 dwarf mummies 2 brown puddings 4 rust monsters 3 owlbears 3 yetis 2 werewolves 4 lizards 8 hunters a chickatrice 5 dogs 2 dingos a housecat a jaguar 6 dwarf lords 3 blue jellies 2 gray unicorns 2 black unicorns 5 dust vortices 2 ravens 12 plains centaurs 3 gnome mummies 5 snakes 5 apes a human zombie a rope golem 5 soldier ants a fire ant a bugbear an imp 5 wood nymphs 4 water nymphs 3 mountain nymphs 8 Mordor orcs 6 Uruk-hai 16 orc shamans a rock piercer 4 rock moles 5 ponies 3 fog clouds 7 yellow lights 2 shriekers 7 violet fungi 13 gnome lords 6 gnomish wizards 3 kobold mummies 3 red naga hatchlings 3 black naga hatchlings 3 golden naga hatchlings 2 guardian naga hatchlings 2 gray oozes 7 elf zombies 2 ghouls a straw golem 2 paper golems 2 baby crocodiles 15 giant ants 3 little dogs 4 floating eyes a kitten 18 dwarves a homunculus a kobold lord 4 kobold shamans 31 hill orcs 9 rothes a rabid rat 2 centipedes 8 giant bats 8 monkeys 8 orc zombies 9 dwarf zombies a wererat 3 werejackals 12 iguanas 17 killer bees 2 acid blobs a coyote 6 gas spores 4 hobbits 11 manes 6 hobgoblins 5 cave spiders 8 brown molds 4 yellow molds 6 green molds 3 red molds 59 gnomes 2 gnome zombies 13 geckos 22 jackals 10 foxes 2 kobolds 6 goblins 12 sewer rats 20 grid bugs a bat 14 lichens a kobold zombie 26 newts 926 creatures vanquished. Voluntary challenges: You had been an atheist until turn 3624. You used a wielded weapon 638 times, starting on turn 380. You read items or engraved 158 times, starting on turn 2890. You never genocided any monsters. You polymorphed 1 item, starting on turn 37510. You never changed form. You used no wishes. You never split a pudding. You wrote Elbereth's name 9 times, starting on turn 2890. You violated your moral code, losing 542 points of alignment, starting on turn 12168. Dungeon overview: The Dungeons of Doom: levels 1 to 17 Level 1 a long staircase Level 2 a general store, a vault Level 3 a scroll shop, a fountain stairs to The Gnomish Mines Level 4 a general store, a fountain, a vault Level 5 many fountains Level 6 a delicatessen stairs to Sokoban Level 7 Level 8 an altar to Mars Level 9 a sink Level 10 an altar to Mars, a fountain, a vault Level 11 a temple to Mercury portal to The Quest Level 12 a fountain Level 13 some fountains Level 14 a vault Level 15 Level 16 a sink, a vault Level 17 The Gnomish Mines: levels 4 to 11 Level 4 stairs to The Dungeons of Doom Level 5 Level 6 Level 7 many shops, a temple to Mercury, some fountains, a sink Level 8 Level 9 Level 10 Level 11 many altars to Moloch, some fountains The Quest: levels 1 to 6 Level 1 <- You were here many trees portal to The Dungeons of Doom Level 2 many trees Level 3 Level 4 Level 5 Level 6 an altar to Mercury, many trees Sokoban: levels 2 to 5 Level 2 Solved Level 3 Solved Level 4 Solved Level 5 Solved stairs to The Dungeons of Doom History has recorded: On T:1 you entered the Dungeons of Doom to retrieve the Amulet of Yendor! On T:92 you reached level 2 of The Dungeons of Doom. On T:691 you reached level 3 of The Dungeons of Doom. On T:972 you advanced to experience level 2. On T:1227 you reached level 4 of The Dungeons of Doom. On T:1319 you advanced to experience level 3. On T:1547 you reached level 1 of The Gnomish Mines. On T:1584 you advanced to experience level 4. On T:1702 you reached level 2 of The Gnomish Mines. On T:1720 you advanced to experience level 5. On T:2350 you advanced to experience level 6. On T:2514 you reached level 3 of The Gnomish Mines. On T:2720 you reached level 4 of The Gnomish Mines. On T:3060 you advanced to experience level 7. On T:4203 you reached level 5 of The Gnomish Mines. On T:4700 you advanced to experience level 8. On T:6351 you reached level 6 of The Gnomish Mines. On T:8509 you reached level 7 of The Gnomish Mines. On T:8634 you averted death On T:8934 you advanced to experience level 9. On T:9609 you reached level 8 of The Gnomish Mines. On T:13549 you reached level 5 of The Dungeons of Doom. On T:14531 you reached level 6 of The Dungeons of Doom. On T:14592 you reached level 4 of Sokoban. On T:15443 you reached level 3 of Sokoban. On T:16522 you reached level 2 of Sokoban. On T:17118 you reached level 1 of Sokoban. On T:18506 you advanced to experience level 10. On T:19268 you reached level 7 of The Dungeons of Doom. On T:20167 you reached level 8 of The Dungeons of Doom. On T:21159 you reached level 9 of The Dungeons of Doom. On T:21830 you reached level 10 of The Dungeons of Doom. On T:22661 you reached level 11 of The Dungeons of Doom. On T:22779 you reached level 12 of The Dungeons of Doom. On T:23307 you advanced to experience level 11. On T:25057 you reached level 13 of The Dungeons of Doom. On T:25505 you reached level 14 of The Dungeons of Doom. On T:26251 you advanced to experience level 12. On T:26675 you advanced to experience level 13. On T:26800 you reached level 15 of The Dungeons of Doom. On T:27429 you reached level 16 of The Dungeons of Doom. On T:28125 you reached level 17 of The Dungeons of Doom. On T:28987 you reached level 1 of The Quest. On T:29632 you embarked upon an epic quest. On T:30110 you reached level 2 of The Quest. On T:30675 you reached level 3 of The Quest. On T:32432 you reached level 4 of The Quest. On T:32657 you reached level 5 of The Quest. On T:32964 you reached level 6 of The Quest. On T:33248 you advanced to experience level 14. On T:34602 you killed Scorpius on level 6 of The Quest. On T:35628 you completed the quest! Score breakdown: Gold: 1793 (11068 points) Experience: 14 levels (20086 points) Exploration: 17 levels ( 34.69%) (17320 points) Discoveries: 98 items ( 33.22%) (17291 points) Valuables value: (no points given unless you survive) Artifact value: 9000 (13451 points) Variety of kills: 169 monsters ( 44.47%) (20006 points) Turncount: 42274 turns (-4508 points) Survival: died (score multiplied by 80%) Total score: 75771 Latest messages: The 1st elven arrow hits the minotaur! The elven arrow returns to your hand! The 2nd elven arrow hits the minotaur! The elven arrow returns to your hand! The minotaur hits! The minotaur misses. The minotaur just misses! You shoot 4 elven arrows. The 1st elven arrow hits the minotaur! The elven arrow returns to your hand! The 2nd elven arrow hits the minotaur! The elven arrow returns to your hand! The 3rd elven arrow hits the minotaur! The elven arrow returns to your hand! The 4th elven arrow hits the minotaur! The elven arrow returns to your hand! The minotaur misses. The minotaur hits! The minotaur butts! The minotaur hits! (2x) You die... Final status: Goodbye Croesus the Ranger, killed by a minotaur... You died in The Quest on dungeon level 1 with 75771 points, and 1793 pieces of gold, after 42274 moves. You were level 14 with a maximum of 112 hit points when you died.